 Dungeon Crawl Stone Soup version 0.23-a0-241-g3b46b07 (webtiles) character file.

140 KristoblXynda the Caller (level 5, -3/28 HPs)
             Began as a Deep Elf Summoner on Sept 26, 2018.
             Shot with an arrow by a centaur (9 damage)
             ... on level 5 of the Dungeon.
             The game lasted 00:07:05 (2716 turns).

KristoblXynda the Caller (Deep Elf Summoner)        Turns: 2716, Time: 00:07:06

Health: -3/28      AC:  2    Str:  5    XL:     5   Next: 2%
Magic:  11/14      EV: 13    Int: 21    God:
Gold:   196        SH:  0    Dex: 15    Spells: 4/14 levels left

rFire    . . .     SeeInvis .   i - +0 dagger
rCold    . . .     Gourm    .   (no shield)
rNeg     . . .     Faith    .   a - +0 robe
rPois    .         Spirit   .   (no helmet)
rElec    .         Reflect  .   (no cloak)
rCorr    .         Harm     .   (no gloves)
MR       .....                  (no boots)
Stlth    ++........             (no amulet)
HPRegen  0.09/turn              (no ring)
MPRegen  0.14/turn              (no ring)

@: no status effects
A: no striking features
a: no special abilities


You were on level 5 of the Dungeon.
You were not hungry.

You visited 1 branch of the dungeon, and saw 4 of its levels.

You collected 196 gold pieces.

Inventory:

Hand Weapons
 i - a +0 dagger (weapon)
Armour
 a - a +0 robe (worn)
Scrolls
 b - a scroll of magic mapping {unknown}
 d - a scroll of remove curse {unknown}
 f - a scroll of immolation
 h - a scroll of random uselessness {unknown}
Potions
 e - a potion of curing
 g - a potion of agility {unknown}
 j - a potion of flight
Comestibles
 c - 3 rations


   Skills:
 - Level 2.4 Dodging
 - Level 2.4 Stealth
 + Level 5.4 Spellcasting
 + Level 5.8 Summonings


You had 4 spell levels left.
You knew the following spells:

 Your Spells              Type           Power        Failure   Level  Hunger
a - Summon Small Mammal   Summ           ####         1%          1    None
b - Call Imp              Summ           ####....     1%          2    None
c - Summon Guardian Gole  Hex/Summ       ###.....     10%         3    ##.....
d - Summon Lightning Spi  Summ/Air       ###.....     30%         4    ####...

Your spell library contained the following spells:

 Spells                   Type           Power        Failure   Level  Hunger
 Call Canine Familiar     Summ           ####....     2%          3    ##.....
 Summon Ice Beast         Ice/Summ       ###.....     30%         4    ####...


Dungeon Overview and Level Annotations

Branches:
Dungeon (3/15)             Temple (0/1) D:5

Altars:
Dithmenos
Hepliaklqana
Makhleb
Nemelex Xobeh
Xom


Message History

All of the chunks of flesh in your inventory have rotted away.
You start resting.
Magic restored.
Found a stone staircase leading up.
A centaur comes into view. It is wielding a mace.
The centaur shouts!
The centaur unwields an uncursed mace.
The centaur wields a shortbow.
The centaur shoots an arrow.
The arrow hits you!
You see here an arrow.
The centaur shoots an arrow.
The arrow completely misses you.
Found a scroll labeled ZEBOSU QUTIT.
The centaur shoots an arrow.
The arrow hits you.
* * * LOW HITPOINT WARNING * * *
A centaur skeleton comes into view.
A leopard gecko zombie comes into view.
You see here an arrow.
Casting: Summon Guardian Golem (safe; 10% risk of failure)
Confirm with . or Enter, or press ? or * to list all spells.
A guardian golem appears, shielding your allies.
The centaur shoots an arrow.
The arrow hits you!
You die...

#.##...># #.##...8# #
#.##.?..# #####<##....#
. ....#.##..#.# ..
###...#...#.#########...
##..............8...?.
####.#..##..(..........
##............(.@......Z
...####...##............
........#.##........c..Z
##.####(#..#.....?...#..
...#.#.........# .
.....)..........#
.....###.........#
......# #........<#
######## ##


You could see a centaur, a leopard gecko zombie, a centaur skeleton and a
friendly guardian golem.

Vanquished Creatures
  3 dart slugs (D:1)
  2 leopard geckos (D:1)
  An orc (D:3)
  3 bats
  A giant cockroach (D:1)
  4 goblins
  A hobgoblin (D:2)
  A ball python (D:2)
  3 frilled lizards
  4 kobolds
  6 rats
29 creatures vanquished.

Vanquished Creatures (collateral kills)
  An ice beast (D:5)
  A crimson imp (D:3)
  3 adders
  An ooze (D:1)
  2 dart slugs (D:1)
  3 leopard geckos
  A goblin (D:1)
  3 hobgoblins (D:1)
  2 jackals (D:1)
  A quokka (D:3)
  6 bats
  2 frilled lizards
  2 kobolds (D:2)
  2 rats (D:1)
30 creatures vanquished.

Grand Total: 59 creatures vanquished

Notes
Turn   | Place    | Note
-------+----------+-------------------------------------------
     0 | D:1      | KristoblXynda the Deep Elf Summoner began the quest for the
                  | Orb.
     0 | D:1      | Reached XP level 1. HP: 10/10 MP: 6/6
   312 | D:1      | Reached XP level 2. HP: 12/15 MP: 8/8
   399 | D:1      | Learned a level 2 spell: Call Imp
   758 | D:1      | Reached skill level 5 in Summonings
   758 | D:1      | Reached XP level 3. HP: 16/19 MP: 7/10
  1241 | D:2      | Learned a level 3 spell: Summon Guardian Golem
  1263 | D:2      | Found a shadowy altar of Dithmenos.
  1266 | D:2      | Found a sparkling altar of Nemelex Xobeh.
  1288 | D:2      | Found a hazy altar of Hepliaklqana.
  1288 | D:2      | Found a burning altar of Makhleb.
  2104 | D:3      | Found a shimmering altar of Xom.
  2198 | D:3      | Reached XP level 4. HP: 6/24 MP: 8/12
  2427 | D:3      | Learned a level 4 spell: Summon Lightning Spire
  2584 | D:3      | You fall through a shaft for 2 floors!
  2584 | D:5      | Entered Level 5 of the Dungeon
  2602 | D:5      | Reached skill level 5 in Spellcasting
  2609 | D:5      | Found a staircase to the Ecumenical Temple.
  2609 | D:5      | Noticed an ice beast
  2670 | D:5      | Killed an ice beast
  2670 | D:5      | Reached XP level 5. HP: 17/28 MP: 8/14
  2713 | D:5      | Noticed a centaur
  2716 | D:5      | Shot with an arrow by a centaur

Vault maps used:
D:1:      sevenhm_arrival_forest_fort_large_2
D:2:      grunt_temple_overflow_open
D:3:      lemuel_doored_altar, lemuel_crystal_altar, trog_book
D:5:      kennysheep_mini, temple_statues, first_ration

Skill      XL: |  1  2  3  4 |
---------------+-------------+-----
Spellcasting   | 4 5 |  5.4
Summonings     | 5 |  5.8
Dodging        | |  2.4
Stealth        | |  2.4

Action                   |  1- 3 |  4- 6 || total
-------------------------+-------+-------++-------
Melee: Club              |    87 |       ||    87
       Dagger            |    58 |     2 ||    60
 Cast: Summon Small Mamm |     8 |       ||     8
       Call Imp          |    17 |     7 ||    24
       Summon Guardian G |       |     3 ||     3
  Use: Potion            |     2 |       ||     2
       Scroll            |     1 |       ||     1
 Stab: Sleeping          |    10 |       ||    10
       Distracted        |     1 |       ||     1
  Eat: Chunk             |     2 |     1 ||     3
       Ration            |     1 |       ||     1
Armor: Robe              |    39 |       ||    39
Dodge: Dodged            |   142 |     5 ||   147

Table legend:
 A = Non-vault XP
 B = Vault XP
 C = Vault XP percentage of total XP
 D = Non-vault monster count
 E = Vault monster count
 F = Vault count percentage of total count
                 A         B        C        D         E       F
            +---------+---------+-------+---------+---------+-------
      Total |     200 |       0 |   0.0 |      59 |       0 |   0.0
            +---------+---------+-------+---------+---------+-------
        D:1 |      56 |       0 |   0.0 |      31 |       0 |   0.0
        D:2 |      25 |       0 |   0.0 |      15 |       0 |   0.0
        D:3 |      45 |       0 |   0.0 |      11 |       0 |   0.0
        D:5 |      74 |       0 |   0.0 |       2 |       0 |   0.0
            +---------+---------+-------+---------+---------+-------
